 Dungeon Crawl Stone Soup version 0.28.0-53-g5a82cb258f (webtiles) character file.

Game seed: 6457249032014363664

79 quokkamancerX the Gusty (level 4, 0/24 HPs)
             Began as a Tengu Air Elementalist on June 16, 2022.
             Was an Initiate of Vehumet.
             Killed by their own static electricity (3 damage)
             ... on level 3 of the Dungeon on June 17, 2022.
             The game lasted 00:09:11 (2773 turns).

quokkamancerX the Gusty (Tengu Air Elementalist)    Turns: 2773, Time: 00:09:12

Health: 0/24       AC:  2    Str:  8    XL:     4   Next: 38%
Magic:  1/11       EV: 12    Int: 18    God:    Vehumet [......]
Gold:   106        SH:  0    Dex: 14    Spells: 8/11 levels left

rFire   . . .      SeeInvis .   b - +0 short sword
rCold   . . .      Faith    .   (no shield)
rNeg    . . .      Spirit   .   a - +0 robe
rPois   .          Reflect  .   (helmet restricted)
rElec   .          Harm     .   (no cloak)
rCorr   .          Rampage  .   (no gloves)
Will    .....                   (boots unavailable)
Stlth   ++........              (no amulet)
HPRegen 0.08/turn               (no ring)
MPRegen 0.12/turn               (no ring)

@: no status effects
A: beak, talons 3
a: Renounce Religion


You were on level 3 of the Dungeon.
You worshipped Vehumet.
Vehumet was noncommittal.
You visited 1 branch of the dungeon, and saw 3 of its levels.

You collected 106 gold pieces.

Inventory:

Hand Weapons
 b - a +0 short sword (weapon)
Missiles
 g - 17 sling bullets
Armour
 a - a +0 robe (worn)
Scrolls
 c - a scroll of identify {unknown}
 d - 2 scrolls of magic mapping {unknown}
 f - a scroll of summoning {unknown}
 h - a scroll of amnesia {unknown}
 i - a scroll of teleportation {unknown}
 j - a scroll of holy word {unknown}
 l - a scroll of fear {unknown}
Potions
 e - a potion of brilliance {unknown}
 k - a potion of degeneration {unknown}


   Skills:
 - Level 2.1 Dodging
 - Level 2.0 Stealth
 - Level 4.0 Spellcasting
 - Level 1.3 Conjurations
 + Level 4.4 Air Magic


You had 8 spell levels left.
You knew the following spells:

 Your Spells              Type           Power      Damage    Failure   Level
a - Shock                 Conj/Air       56%        1d6       4%          1
b - Static Discharge      Conj/Air       14%        N/A       7%          2

Your spell library contained the following spells:

 Spells                   Type           Power      Damage    Failure   Level
 Swiftness                Air            19%        N/A       7%          3
 Airstrike                Air            9%         N/A       24%         4


Dungeon Overview and Level Annotations

Branches:
Dungeon (3/15)

Altars:
Fedhas
Hepliaklqana
Nemelex Xobeh
Vehumet

Annotations:
D:2 Sigmund


Innate Abilities, Weirdness & Mutations

You have a beak for a mouth.
You have claws for feet.


Message History

The water moccasin zombie bites you.
Casting: Shock (safe; 4% risk of failure)
Confirm with . or Enter, or press ? or * to list all spells.
Aiming: Shock (safe; 4% risk of failure)
Press: ? - help, Shift-Dir - straight line The zap hits the water moccasin zombie.
The water moccasin zombie is moderately damaged.
The zap misses the water moccasin zombie.
The water moccasin zombie closely misses you.
Casting: Shock (safe; 4% risk of failure)
Confirm with . or Enter, or press ? or * to list all spells.
Aiming: Shock (safe; 4% risk of failure)
Press: ? - help, Shift-Dir - straight line The zap hits the water moccasin zombie.
The water moccasin zombie is heavily damaged.
The zap hits the water moccasin zombie.
The water moccasin zombie is heavily damaged.
The water moccasin zombie bites you. x2
Casting: Shock (safe; 4% risk of failure)
Confirm with . or Enter, or press ? or * to list all spells.
Aiming: Shock (safe; 4% risk of failure)
Press: ? - help, Shift-Dir - straight line The zap misses the water moccasin zombie.
The zap hits the water moccasin zombie.
The water moccasin zombie is heavily damaged.
The water moccasin zombie closely misses you.
Casting: Shock (safe; 4% risk of failure)
Confirm with . or Enter, or press ? or * to list all spells.
The water moccasin zombie is struck by an arc of lightning.
The water moccasin zombie is severely damaged.
You are struck by an arc of lightning.
* * * LOW HITPOINT WARNING * * *
The lightning grounds out.
The water moccasin zombie bites you.
* * * LOW HITPOINT WARNING * * *
Casting: Static Discharge (safe; 7% risk of failure)
Confirm with . or Enter, or press ? or * to list all spells.
The water moccasin zombie is struck by an arc of lightning.
The water moccasin zombie is severely damaged.
You are struck by an arc of lightning.
You die...

#.##.#
#..#..##
#.##.#
#..##..#
#.##..
#.#.###..
#.# ##
......
##. #(#
##+##.#
## #.#
#.. #.#
+.#
#.######
#....@.#
######Z#
#.# #.#
#.# #.#
#.# #.#
#.#


You could see a water moccasin zombie.

Vanquished Creatures
  2 adders (D:2)
  3 dart slugs
  5 ball pythons
  4 bats
  5 endoplasms
  A giant cockroach (D:1)
  4 goblins
  7 hobgoblins
  4 jackals (D:3)
  3 quokkas
  4 frilled lizards (D:1)
  6 kobolds
48 creatures vanquished.

Notes
Turn   | Place    | Note
-------+----------+-------------------------------------------
     0 | D:1      | quokkamancerX the Tengu Air Elementalist began the quest
                  | for the Orb.
     0 | D:1      | Reached XP level 1. HP: 10/10 MP: 4/4
   167 | D:1      | Reached XP level 2. HP: 15/15 MP: 4/6
   647 | D:1      | Reached XP level 3. HP: 19/19 MP: 2/8
  1929 | D:2      | Reached XP level 4. HP: 24/24 MP: 7/10
  1956 | D:2      | Noticed Sigmund
  2099 | D:3      | Learned a level 2 spell: Static Discharge
  2385 | D:3      | Found a blossoming altar of Fedhas.
  2474 | D:3      | Found a radiant altar of Vehumet.
  2493 | D:3      | Became a worshipper of Vehumet
  2680 | D:3      | Found a sparkling altar of Nemelex Xobeh.
  2723 | D:3      | Found a hazy altar of Hepliaklqana.
  2773 | D:3      | Killed from afar by themself

Illustrated notes

Levels and vault maps discovered:
D:1:      dpeg_arrival_stonehenge_12_columns, layout_basic
D:2:      layout_basic, minmay_misc_feat_more_columns, uniq_sigmund
D:3:      layout_loops_ring, mainiacjoe_overflow_brackets,
          general_overflow_altar, nemelex_diamond_rough_becter,
          nicolae_overflow_crystal_walls, minmay_misc_feat_doors, uniq_natasha

Skill      XL: |  1  2  3  4 |
---------------+-------------+-----
Spellcasting   | 3 4 |  4.0
Dodging        | |  2.1
Stealth        | |  2.0
Conjurations   | |  1.3
Air Magic      | |  4.4

Action                   |  1- 3 |  4- 6 || total
-------------------------+-------+-------++-------
Melee: Unarmed           |     4 |       ||     4
       Short sword       |    19 |     1 ||    20
       Kick              |     4 |       ||     4
       Peck              |     4 |       ||     4
       Punch             |     1 |       ||     1
 Cast: Shock             |    73 |    24 ||    97
       Static Discharge  |       |     4 ||     4
 Stab: Sleeping          |     2 |       ||     2
Armor: Robe              |    10 |     1 ||    11
Dodge: Dodged            |    23 |     3 ||    26
